 Dungeon Crawl Stone Soup version 0.26-a0-672-g1df16c3386 (webtiles) character file.

Game seed: 563898949965268711

3404 mandarbmax the Zephyrmancer (level 10, -6/56 HPs)
             Began as a Tengu Air Elementalist on Oct 19, 2020.
             Was a Priest of Ashenzari.
             Mangled by a slime creature (15 damage)
             ... on level 8 of the Dungeon.
             The game lasted 00:31:39 (10380 turns).

mandarbmax the Zephyrmancer (TeAE)                 Turns: 10380, Time: 00:31:40

Health: -6/56      AC:  7    Str: 14    XL:     10   Next: 4%
Magic:  0/15       EV: 13    Int: 20    God:    Ashenzari [***...]
Gold:   274        SH:  5    Dex: 14    Spells: 4/15 levels left

rFire    . . .     SeeInvis +   f - +4 dagger (curse)
rCold    . . .     Faith    .   t - +0 buckler (curse)
rNeg     . . .     Spirit   .   c - +0 ring mail (curse)
rPois    +         Reflect  .   (helmet restricted)
rElec    .         Harm     .   (no cloak)
rCorr    .         Rampage  .   b - +1 pair of gloves (curse)
MR       .....                  (boots unavailable)
Stlth    +.........             (no amulet)
HPRegen  0.18/turn              h - ring of poison resistance (curse)
MPRegen  0.14/turn              x - +6 ring of strength (curse)

@: no status effects
A: beak, talons 3, able to fly
a: Fly, Curse Item, Scrying, Renounce Religion


You were on level 8 of the Dungeon.
You worshipped Ashenzari.
Ashenzari was most pleased with you.
You visited 1 branch of the dungeon, and saw 8 of its levels.

You collected 274 gold pieces.

Inventory:

Hand Weapons
 f - a cursed +4 dagger (weapon)
 p - the +0 long sword of Interdependent Arising {vorpal, *Drain rF+ rN+++ Str-5}
   (You found it on level 5 of the Dungeon)

   It inflicts extra damage upon your enemies.
   It affects your strength (-5).
   It protects you from fire.
   It renders you almost immune to negative energy.
   It causes draining when unequipped.
 s - a +2 dagger of speed
 u - a +0 dagger of holy wrath
 w - a cursed +7 long sword
 A - the +7 whip of Aqutytei {venom, *Noise rF++ Str+8 Dex-4}
   (You found it on level 8 of the Dungeon)

   It poisons the flesh of those it strikes.
   It affects your strength (+8).
   It affects your dexterity (-4).
   It greatly protects you from fire.
   It may make noises in combat.
Missiles
 k - 2 throwing nets (quivered)
Armour
 b - a cursed +1 pair of gloves (worn)
 c - a cursed +0 ring mail (worn)
 t - a cursed +0 buckler (worn)
Jewellery
 h - a cursed ring of poison resistance (left hand)
 x - a cursed +6 ring of strength (right hand)
 z - a +6 ring of dexterity
Wands
 l - a wand of paralysis (3)
 v - a wand of enslavement (11)
Scrolls
 d - a scroll of identify
 g - a scroll of fear
 y - a scroll of remove curse
Potions
 a - a potion of invisibility
 e - 4 potions of curing
 i - 3 potions of mutation
 j - 2 potions of might
 m - 2 potions of lignification
 n - 2 potions of heal wounds
 o - a potion of cancellation
 q - a potion of haste
 r - a potion of magic


   Skills:
 * Level 3.7 Fighting
 + Level 2.7 Armour
 * Level 4.8 Dodging
 - Level 2.0 Stealth
 - Level 4.0(5.7) Shields
 - Level 3.0 Spellcasting
 - Level 10.6(12.3) Conjurations
 - Level 10.9(12.6) Air Magic


You had 4 spell levels left.
You knew the following spells:

 Your Spells              Type           Power        Failure   Level
a - Shock                 Conj/Air       ####         1%          1
b - Static Discharge      Conj/Air       ######..     1%          3
c - Swiftness             Air            ######..     1%          2
d - Lightning Bolt        Conj/Air       ######....   4%          5

Your spell library contained the following spells:

 Spells                   Type           Power        Failure   Level
 Airstrike                Air            ######....   1%          4


Dungeon Overview and Level Annotations

Branches:
Dungeon (8/15)             Temple (0/1) D:5
   Lair: D:8-11

Altars:
Ashenzari
Elyvilon
Gozag
Makhleb
Nemelex Xobeh
Ru
Trog
Uskayaw
Xom
Yredelemnul


Innate Abilities, Weirdness & Mutations

You have a beak for a mouth.
You have claws for feet.
You can fly continuously.


Message History

Confirm with . or Enter, or press ? or * to list all spells.
You don't have enough magic to cast that spell.
Things that are here:
a +0 robe; a +0 dagger The slime creature jiggles.
Things that are here:
a +0 chain mail; a +0 dire flail
Casting: Lightning Bolt (dangerous; 4% risk of failure)
Confirm with . or Enter, or press ? or * to list all spells.
Aiming: Lightning Bolt (dangerous; 4% risk of failure)
Press: ? - help, Shift-Dir - straight line You hear a mighty clap of thunder!
The bolt of lightning hits the slime creature!!
The slime creature is almost dead.
The bolt of lightning hits the slime creature!!!
The slime creature is severely wounded.
The bolt of lightning hits the slime creature!!
The slime creature is almost dead.
The slime creature hits you!
You die...

........####...........#
........)..............#
....########)###########
....# #....[.[.# ..{.#
#....(.#.###
..############.[.# .J#
#.........##J# ..#
#J#######.##J# ..#
#.#.....#.##@# ..#
#{#.##.##.##.#
..###.#.##J##.##.#
......#.##.#.....#
#######J##.#.....# ....#
#.##.#.....# ....#
#.##.......#
#######.####.....#
...J....# #####.#


You could see 2 slime creatures.

Vanquished Creatures
  Prince Ribbit (D:6)
  A slime creature (D:8)
  Menkaure (D:4)
  A water moccasin (D:7)
  2 ice beasts
  2 orc warriors
  A black bear (D:8)
  2 ogres
  A phantom (D:5)
  2 centaurs (D:5)
  2 big kobolds
  3 bullfrogs (D:7)
  A water moccasin skeleton (D:4)
  A scorpion (D:8)
  6 wights
  2 howler monkeys (D:7)
  4 hounds
  5 jellies
  3 orc priests
  11 orc wizards
  3 iguanas
  6 worker ants
  A hound zombie (D:5)
  4 gnolls (D:2)
  8 adders
  4 shadow imps
  2 ufetubi
  6 oozes
  An adder skeleton (D:5)
  A dart slug (D:3)
  5 leopard geckos
  20 orcs
  3 giant cockroaches
  6 goblins
  8 hobgoblins
  9 jackals
  17 kobolds
  A quokka (D:7)
  A ball python (D:5)
  4 bats
  8 frilled lizards
  A leopard gecko skeleton (D:6)
  7 rats
178 creatures vanquished.

Vanquished Creatures (others)
  11 fungi (D:8)
  7 plants (D:4)
  5 toadstools (D:8)
23 creatures vanquished.

Grand Total: 201 creatures vanquished

Notes
Turn   | Place    | Note
-------+----------+-------------------------------------------
     0 | D:1      | mandarbmax the Tengu Air Elementalist began the quest for
                  | the Orb.
     0 | D:1      | Reached XP level 1. HP: 10/10 MP: 4/4
   272 | D:1      | Reached XP level 2. HP: 15/15 MP: 3/6
  1036 | D:2      | Reached XP level 3. HP: 19/19 MP: 3/7
  1092 | D:2      | Learned a level 3 spell: Static Discharge
  1253 | D:2      | Found a broken altar of Ashenzari.
  1337 | D:2      | Became a worshipper of Ashenzari the Shackled
  1709 | D:2      | Reached XP level 4. HP: 24/24 MP: 0/8
  1923 | D:2      | Learned a level 2 spell: Swiftness
  2185 | D:3      | Reached skill level 5 in Conjurations
  2185 | D:3      | Reached skill level 5 in Air Magic
  2185 | D:3      | Gained mutation: You can fly continuously. [Tengu growth]
  2185 | D:3      | Reached XP level 5. HP: 22/28 MP: 0/9
  2568 | D:3      | Found a white marble altar of Elyvilon.
  2647 | D:3      | Found a basalt altar of Yredelemnul.
  3201 | D:3      | Reached skill level 1 in Shields
  3517 | D:4      | Found a burning altar of Makhleb.
  3517 | D:4      | Noticed a blizzard demon
  3571 | D:4      | Reached * piety under Ashenzari
  3723 | D:4      | Noticed Menkaure
  3735 | D:4      | Killed Menkaure
  3735 | D:4      | Reached XP level 6. HP: 30/32 MP: 2/10
  3826 | D:4      | Found a hide-covered altar of Uskayaw.
  4214 | D:4      | Reached XP level 7. HP: 32/36 MP: 8/11
  4497 | D:5      | Entered Level 5 of the Dungeon
  5204 | D:5      | Reached XP level 8. HP: 29/41 MP: 6/12
  5476 | D:5      | Found a staircase to the Ecumenical Temple.
  5869 | D:5      | Learned a level 5 spell: Lightning Bolt
  5872 | D:5      | Identified the +0 long sword of Interdependent Arising
                  | {vorpal, *Drain rF+ rN+++ Str-5}
  5892 | D:5      | Found a sacrificial altar of Ru.
  6512 | D:6      | Reached ** piety under Ashenzari
  6999 | D:6      | Noticed Prince Ribbit
  7006 | D:6      | Killed Prince Ribbit
  7006 | D:6      | Reached XP level 9. HP: 45/45 MP: 11/13
  7259 | D:6      | Reached skill level 10 in Conjurations
  7343 | D:7      | Reached skill level 10 in Air Magic
  7998 | D:7      | Found a shimmering altar of Xom.
  8033 | D:7      | Found a sparkling altar of Nemelex Xobeh.
  8547 | D:8      | Reached skill level 1 in Fighting
  8591 | D:8      | Found an opulent altar of Gozag.
  8641 | D:8      | Reached skill level 1 in Armour
  8643 | D:8      | Reached *** piety under Ashenzari
  9149 | D:8      | Found a bloodstained altar of Trog.
  9907 | D:8      | Identified the +7 whip of Aqutytei {venom, *Noise rF++
                  | Str+8 Dex-4}
 10041 | D:8      | Reached XP level 10. HP: 18/56 MP: 0/15
 10380 | D:8      | Mangled by a slime creature

Illustrated notes

Levels and vault maps discovered:
D:1:      minmay_arrival_four_circles, layout_loops_ring
D:2:      layout_loops_ring, ashenzari_altar_1,
          wander_ebering_terrifying_dragon_lair
D:3:      layout_loops_corners, kennysheep_ying_yang
D:4:      layout_loops_ring, makhleb_altar_promises_db, lemuel_doored_altar,
          serial_bayou_crossing, uniq_menkaure
D:5:      layout_rooms, kennysheep_mini_moat, minmay_temple_entry_poolview
D:6:      layout_basic, uniq_prince_ribbit1
D:7:      layout_basic, brannock_xom_greatest_gift, nemelex_diamond_rough_becter
D:8:      cheibrodos_fertilizer, layout_basic, grunt_gozag_breadcrumbs,
          trog_hazing_becter

Skill      XL: |  1  2  3  4  5  6  7  8  9 |
---------------+----------------------------+-----
Conjurations   | 2 4 5 6 7 9 10 | 10.6
Air Magic      | 5 6 7 9 10 | 10.9
Shields        | 2 4 |  4.0
Spellcasting   | 3 |  3.0
Fighting       | 3 |  3.7
Armour         | 2 |  2.7
Dodging        | 4 |  4.8
Stealth        | |  2.0

Action                   |  1- 3 |  4- 6 |  7- 9 | 10-12 || total
-------------------------+-------+-------+-------+-------++-------
Melee: Dagger            |     9 |    43 |    40 |     3 ||    95
       Kick              |     2 |    11 |     9 |     1 ||    23
       Unarmed           |     1 |       |       |       ||     1
       Peck              |       |     5 |     9 |     1 ||    15
 Cast: Shock             |    49 |    78 |   242 |     1 ||   370
       Static Discharge  |     2 |     1 |    23 |     5 ||    31
       Swiftness         |       |       |     1 |       ||     1
       Lightning Bolt    |       |       |     9 |     3 ||    12
Invok: Curse Item        |     3 |     2 |     1 |       ||     6
Evoke: Wand              |       |       |     2 |       ||     2
  Use: Scroll            |       |    10 |    11 |       ||    21
       Potion            |       |     1 |       |       ||     1
 Stab: Sleeping          |     2 |     1 |     2 |       ||     5
       Paralysed         |       |       |     4 |       ||     4
Armor: Ring mail         |     9 |    20 |    22 |     2 ||    53
Dodge: Dodged            |    11 |    26 |    34 |     4 ||    75
Block: Buckler           |       |     6 |    16 |     3 ||    25

Table legend: (Time is in decaauts)
 A = Elapsed time spent in this place.
 B = Non-inter-level travel time spent in this place.
 C = Inter-level travel time spent in this place.
 D = Time resting spent in this place.
 E = Time spent auto-exploring this place.
 F = Levels seen in this place.
 G = Mean time per level.
                   A        B        C        D        E       F      G
               +--------+--------+--------+--------+--------+-----+--------+
         Total |  10393 |  10008 |    385 |   3070 |   5692 |   8 | 1299.1 |
       Dungeon |  10393 |  10008 |    385 |   3070 |   5692 |   8 | 1299.1 |
               +--------+--------+--------+--------+--------+-----+--------+

Top non-repeatable levels by time:
     D:8: 1641 daAuts
     D:5: 1429 daAuts
     D:3: 1427 daAuts
     D:4: 1378 daAuts
     D:7: 1252 daAuts
     D:6: 1224 daAuts
     D:1: 1064 daAuts
     D:2: 975 daAuts
